 Dungeon Crawl Stone Soup version 0.30-a0-568-g124715a40b (webtiles) character file.

Game seed: 18036897286692360106

55 Jackthecabe the Gusty (level 3, -5/18 (19) HPs)
             Began as a Tengu Air Elementalist on Dec 29, 2022.
             Slain by a gnoll
             ... wielding a +1 whip of draining
              (8 damage)
             ... on level 1 of the Dungeon.
             The game lasted 00:01:59 (1491 turns).

Jackthecabe the Gusty (Tengu Air Elementalist)      Turns: 1491, Time: 00:02:00

HP:   -5/18 (19)    AC:  2    Str:  8    XL:     3   Next: 93%
MP:   8/8           EV: 12    Int: 17    God:
Gold: 129           SH:  0    Dex: 14    Spells: 1/7 levels left

rFire   . . .      SeeInvis .    (no weapon)
rCold   . . .      Faith    .    (no shield)
rNeg    . . .      Spirit   .    a - +0 robe
rPois   .          Reflect  .    (helmet restricted)
rElec   .          Harm     .    (no cloak)
rCorr   .          Rampage  .    (no gloves)
Will    .....                    (boots unavailable)
Stlth   ++                       (no amulet)
HPRegen 0.23/turn                (no ring)
MPRegen 0.11/turn                (no ring)

@: drained
A: beak, talons 3
a: no special abilities


You were on level 1 of the Dungeon.
You visited 1 branch of the dungeon, and saw 2 of its levels.

You collected 129 gold pieces.


Innate Abilities, Weirdness & Mutations

You have a beak for a mouth.
You have claws for feet.


   Skills:
 - Level 2.1 Dodging
 - Level 2.0 Stealth
 + Level 2.7 Spellcasting
 + Level 3.0 Conjurations
 + Level 4.8 Air Magic


You had one spell level left.
You knew the following spells:

 Your Spells              Type           Power      Damage    Failure   Level
i - Swiftness             Air            18%        N/A       8%          3
t - Static Discharge      Conj/Air       30%        2-4/arc   5%          2
z - Shock                 Conj/Air       60%        1d6       3%          1

Your spell library contained the following spells:

 Spells                   Type           Power      Damage    Failure   Level
 Airstrike                Air            9%         2d(2-18)  24%         4

Inventory:

Armour
 a - a +0 robe (worn)
 i - a +0 cloak
Jewellery
 C - a ring of protection from cold
Scrolls
 c - 2 scrolls of magic mapping {unknown}
 e - a scroll of teleportation {unknown}
 h - a scroll of identify {unknown}
Potions
 b - a potion of magic
 d - a potion of curing {unknown}
 f - a potion of mutation {unknown}
 g - a potion of berserk rage {unknown}
 j - a potion of flight {unknown}

Dungeon Overview and Level Annotations

Branches:
Dungeon (2/15)

Altars:
Elyvilon

Shops:
D:1

=
.......#.............#
....####..........####
....# ##.........#
....# #.........#
....#####.........#
....#...#.........#
....#...#.........#
....#...#.......)g#
...............g@.#
........#.........#
....#.##########.##
....#.#### #.#
....#....#######.###
....#..............#
#.###..............#
..###..............#
##.................#


You could see 2 gnolls.


Message History

Aiming: Shock (safe; 3% risk of failure)
Press: ? - help, Shift-Dir - straight line, f - gnoll
Aim: a gnoll, wielding a +0 whip (almost dead, 75% to hit)
The zap hits the gnoll but does no damage.
The gnoll is almost dead.
The gnoll barely misses you.
Casting: Shock (safe; 3% risk of failure)
Confirm with . or Enter, or press ? or * to list all spells.
Aiming: Shock (safe; 3% risk of failure)
Press: ? - help, Shift-Dir - straight line, f/p - gnoll
Aim: a gnoll, wielding a +0 whip (almost dead, 75% to hit)
The zap hits the gnoll.
You kill the gnoll!
Your Conjurations skill increases to level 3!
You start resting.
HP restored.
Magic restored.
You climb downwards.
The gnoll hits you with a +0 flail!
There is a stone staircase leading up here.
Unknown command.
The gnoll closely misses you.
The gnoll hits you with a +1 whip of draining!
* * * LOW HITPOINT WARNING * * *
You feel drained.
* * * LOW HITPOINT WARNING * * *
You climb upwards.
There is a stone staircase leading down here.
The gnoll attacks as you move away!
The gnoll hits you with a +1 whip of draining!
You die...

Skill      XL: |  1  2  3 |
---------------+----------+-----
Conjurations   | 2 3 |  3.0
Dodging        | |  2.1
Stealth        | |  2.0
Spellcasting   | |  2.7
Air Magic      | |  4.8

Action                   || total
-------------------------++-------
 Cast: Shock             ||    64
       Static Discharge  ||     1
Dodge: Dodged            ||     9

Levels and vault maps discovered:
D:1:      spicycebolla_green_bress_n_ham, layout_basic, serial_shops,
          nicolae_lakefront_shop
D:2:      layout_rooms, basic_altar, grunt_decor_mini_mirrors, hex_intersection,
          guppyfry_early_orc_mine

Notes
Turn   | Place    | Note
-------+----------+-------------------------------------------
     0 | D:1      | Jackthecabe the Tengu Air Elementalist began the quest for
                  | the Orb.
     0 | D:1      | Reached XP level 1. HP: 10/10 MP: 4/4
   338 | D:1      | Reached XP level 2. HP: 15/15 MP: 0/6
   341 | D:1      | Learned a level 2 spell: Static Discharge
   415 | D:1      | Reached skill level 2 in Conjurations
   689 | D:1      | Reached XP level 3. HP: 17/19 MP: 2/7
   840 | D:1      | Found Rucwe's Jewellery Shop.
  1101 | D:2      | Learned a level 3 spell: Swiftness
  1129 | D:2      | Found a white marble altar of Elyvilon.
  1418 | D:1      | Reached skill level 3 in Conjurations
  1491 | D:1      | Slain by a gnoll

Vanquished Creatures
  A gnoll (D:1)
  3 orcs (D:2)
  An endoplasm (D:1)
  2 giant cockroaches
  5 goblins
  6 hobgoblins
  8 jackals (D:1)
  5 bats (D:1)
  A frilled lizard (D:1)
  2 kobolds (D:1)
  2 rats (D:1)
36 creatures vanquished.

Table legend: (Time is in decaauts)
 A = Elapsed time spent in this place.
 B = Non-inter-level travel time spent in this place.
 C = Inter-level travel time spent in this place.
 D = Time resting spent in this place.
 E = Time spent auto-exploring this place.
 F = Levels seen in this place.
 G = Mean time per level.
                   A        B        C        D        E       F      G
               +--------+--------+--------+--------+--------+-----+--------+
         Total |   1492 |   1470 |     22 |    193 |   1098 |   2 |  746.0 |
       Dungeon |   1492 |   1470 |     22 |    193 |   1098 |   2 |  746.0 |
               +--------+--------+--------+--------+--------+-----+--------+

Top non-repeatable levels by time:
     D:1: 1166 daAuts
     D:2: 326 daAuts

Table legend:
 A = Non-vault XP
 B = Vault XP
 C = Vault XP percentage of total XP
 D = Non-vault monster count
 E = Vault monster count
 F = Vault count percentage of total count
                 A         B        C        D         E       F
            +---------+---------+-------+---------+---------+-------
      Total |      63 |      16 |  20.3 |      29 |       7 |  19.4
            +---------+---------+-------+---------+---------+-------
        D:1 |      61 |       0 |   0.0 |      28 |       0 |   0.0
        D:2 |       2 |      16 |  88.9 |       1 |       7 |  87.5
            +---------+---------+-------+---------+---------+-------
